Kings vs Bruins

Created - February 17 2012 at 19:03

Goals
1 2 3 T
Kings 1 0 0 1
Bruins 4 0 1 5
Shots
1 2 3 T
Kings 3 7 8 18
Bruins 16 14 18 48

Period #1

1. Kings , Sergei Gonchar 12 (Matt Duchene, Ondrej Pavelec) at 2:18 (PP)
2. Bruins , Chris Kunitz 34 (David Krejci, Ales Hemsky) at 3:32 (PP)
3. Bruins , David Krejci 16 (Tobias Enstrom, Ales Hemsky) at 3:54 (PP)
4. Bruins , Chris Kunitz 35 (Ales Hemsky, David Krejci) at 7:07 (PP)
5. Bruins , Chris Kunitz 36 (Zach Bogosian) at 10:38

Penalties :
Chris Kunitz (BOS) for High sticking (Minor) at 1:26, Sergei Gonchar (LOS) for Tripping (Minor) at 2:56, Ondrej Pavelec (LOS) for Slashing (Minor) at 3:36 - Wojtek Wolski served the penalty., Craig Adams (LOS) for Tripping (Minor) at 5:52, Bryan Allen (LOS) for High sticking (Minor) at 15:10, Jack Hillen (LOS) for Roughing (Minor) at 17:33, Jarret Stoll (LOS) for Tripping (Minor) at 18:31

Period #2

No Goal

Penalties :
David Krejci (BOS) for Fighting (Major) at 6:01, Bryan Allen (LOS) for Fighting (Major) at 6:01, Jamie McBain (LOS) for Tripping (Minor) at 9:33, Mike Lundin (LOS) for Hooking (Minor) at 17:56

Period #3

6. Bruins , Chris Kunitz 37 (David Krejci, Tobias Enstrom) at 3:37

Penalties :
Evander Kane (BOS) for Tripping (Minor) at 5:56, Jonathon Blum (LOS) for Checking from behind (Major / Game Misconduct) at 8:46, Matt Duchene (LOS) for Interference (Minor) at 16:35

Goalie Stats

Ondrej Pavelec (LOS), 43 saves from 48 shots - (0.896), L, 13-19-2, 60:00 minutes
Cam Ward (BOS), 17 saves from 18 shots - (0.944), W, 36-13-1, 60:00 minutes

Players Stats

Kings
Player Name              G  A  P  +/- PIM S  H  SB FO    MP 
------------------------------------------------------------
Antoine Vermette         0  0  0  -1  0   2  0  0  18/28 22 
Brian Rolston            0  0  0   0  0   0  1  0  1/4   18 
Bryan Allen              0  0  0  -1  7   0  1  1  0/0   19 
Craig Adams              0  0  0   0  2   0  0  1  0/0   14 
Darroll Powe             0  0  0  -1  0   1  5  0  16/31 19 
Evgeny Dadonov           0  0  0   0  0   1  0  0  0/0   7  
Jack Hillen              0  0  0  -1  2   0  1  0  0/0   12 
Jamie McBain             0  0  0  -1  2   0  0  4  0/0   17 
Jarret Stoll             0  0  0  -1  2   2  3  0  1/1   16 
Joe Corvo                0  0  0   0  0   0  1  3  0/0   20 
Jonathon Blum            0  0  0   0  15  0  2  0  0/0   6  
Matt Duchene             0  1  1   0  2   2  0  0  12/20 20 
Michael Frolik           0  0  0  -1  0   3  0  0  0/0   11 
Mike Lundin              0  0  0  -1  2   1  1  1  0/0   21 
Sean Bergenheim          0  0  0  -1  0   1  0  0  1/2   14 
Sergei Gonchar           1  0  1   0  2   2  0  4  0/0   23 
Sergei Samsonov          0  0  0   0  0   1  0  0  1/1   11 
Wojtek Wolski            0  0  0  -1  0   2  0  0  0/0   11 
Bruins
Player Name              G  A  P  +/- PIM S  H  SB FO    MP 
------------------------------------------------------------
Adam McQuaid             0  0  0   0  0   0  0  0  0/0   14 
Ales Hemsky              0  3  3   2  0   4  1  0  0/1   21 
Brad Marchand            0  0  0   0  0   3  1  0  0/1   14 
Chris Kunitz             4  0  4   2  2   8  5  0  0/1   21 
David Krejci             1  3  4   2  5   4  0  0  10/25 19 
Dennis Seidenberg        0  0  0   0  0   4  2  1  0/0   24 
Derick Brassard          0  0  0   0  0   4  1  0  9/16  10 
Evander Kane             0  0  0   0  2   2  1  0  0/1   10 
Gregory Campbell         0  0  0   0  0   2  1  0  0/0   10 
Jordan Leopold           0  0  0   0  0   4  0  1  0/0   20 
Milan Lucic              0  0  0   0  0   5  4  1  2/3   16 
Nathan Horton            0  0  0   0  0   2  0  0  0/3   15 
Patrice Bergeron         0  0  0   0  0   2  0  0  5/9   10 
Rich Peverley            0  0  0   0  0   0  0  0  7/16  14 
Tobias Enstrom           0  2  2   2  0   1  0  0  0/0   21 
Tyler Seguin             0  0  0   0  0   1  0  0  4/11  18 
Zach Bogosian            0  1  1   2  0   0  1  0  0/0   17 
Zdeno Chara              0  0  0   0  0   2  3  1  0/0   24 

3 Stars

1 - Chris Kunitz (BOS)
2 - Ales Hemsky (BOS)
3 - David Krejci (BOS)

Power Play

Kings - 1 on 2 Attempt(s) - 50.00%
Bruins - 3 on 10 Attempt(s) - 30.00%

Penalty Kill

Kings - 7 on 10 Attempt(s) - 70.00% - Score 0 goal in Penalty Kill
Bruins - 1 on 2 Attempt(s) - 50.00% - Score 0 goal in Penalty Kill

Game Notes

Chris Kunitz has scored a Hat Trick!
David Krejci and Bryan Allen fight to a draw at 6:01 of 2nd period
Jonathon Blum ejected from game at 8:46 of 3rd period

Finance

Level 1 -- Attendance: 5936 (91.32%) -- Ticket Income $445,200.00
Level 2 -- Attendance: 4698 (93.96%) -- Ticket Income $234,900.00
Level 3 -- Attendance: 3178 (90.80%) -- Ticket Income $95,340.00
Level 4 -- Attendance: 1565 (100.00%) -- Ticket Income $31,300.00
Luxury Box -- Attendance: 910 (91.00%) -- Ticket Income $136,500.00
Game was played at the TD Garden
Total Attendance: 16287 (92.72%)
Total Ticket Income: $1,024,000.00
Other Income: $198,879.90
Total Income: $1,222,880.00


Play by Play

Period #1

0:01 of 1st period - Matt Duchene wins face-off versus Milan Lucic in neutral zone.
0:37 of 1st period - Joe Corvo is hit by Milan Lucic and loses puck.
1:26 of 1st period - Minor Penalty to Chris Kunitz for High sticking.
1:27 of 1st period - Antoine Vermette wins face-off versus Rich Peverley in Bruins zone.
1:56 of 1st period - Shot by Sean Bergenheim.
1:56 of 1st period - Shot Hit the Post.
2:18 of 1st period - Shot by Sergei Gonchar.
2:18 of 1st period - Goal by Sergei Gonchar - Kings : 1 - Bruins : 0.
2:19 of 1st period - David Krejci wins face-off versus Darroll Powe in neutral zone.
2:24 of 1st period - Jordan Leopold is hit by Darroll Powe and loses puck.
2:31 of 1st period - Shot by Michael Frolik.
2:31 of 1st period - Shot Blocked by Jordan Leopold.
2:33 of 1st period - Shot by Darroll Powe.
2:33 of 1st period - Stopped by Cam Ward without a rebound.
2:34 of 1st period - Matt Duchene wins face-off versus David Krejci in Bruins zone.
2:56 of 1st period - Minor Penalty to Sergei Gonchar for Tripping.
2:57 of 1st period - Tyler Seguin wins face-off versus Darroll Powe in Kings zone.
3:18 of 1st period - Shot by Dennis Seidenberg.
3:18 of 1st period - Shot Blocked by Jamie McBain.
3:20 of 1st period - Shot by Jordan Leopold.
3:20 of 1st period - Stopped by Ondrej Pavelec without a rebound.
3:21 of 1st period - David Krejci wins face-off versus Antoine Vermette in Kings zone.
3:30 of 1st period - Shot by David Krejci.
3:30 of 1st period - Shot Misses the Net.
3:32 of 1st period - Shot by Chris Kunitz.
3:32 of 1st period - Goal by Chris Kunitz - Kings : 1 - Bruins : 1.
3:33 of 1st period - Derick Brassard wins face-off versus Darroll Powe in neutral zone.
3:36 of 1st period - Shot by Evander Kane.
3:36 of 1st period - Stopped by Ondrej Pavelec without a rebound.
3:36 of 1st period - Minor Penalty to Ondrej Pavelec for Slashing.
3:37 of 1st period - David Krejci wins face-off versus Darroll Powe in Kings zone.
3:46 of 1st period - Shot by Ales Hemsky.
3:46 of 1st period - Shot Misses the Net.
3:50 of 1st period - Shot by Tobias Enstrom.
3:50 of 1st period - Shot Blocked by Sergei Gonchar.
3:54 of 1st period - Shot by David Krejci.
3:54 of 1st period - Goal by David Krejci - Kings : 1 - Bruins : 2.
3:55 of 1st period - Sean Bergenheim wins face-off versus Rich Peverley in neutral zone.
4:10 of 1st period - Shot by Mike Lundin.
4:10 of 1st period - Stopped by Cam Ward without a rebound.
4:11 of 1st period - Darroll Powe wins face-off versus Derick Brassard in Bruins zone.
4:15 of 1st period - Icing by Zdeno Chara.
4:16 of 1st period - Matt Duchene wins face-off versus Derick Brassard in Bruins zone.
5:18 of 1st period - David Krejci is hit by Jonathon Blum and loses puck.
5:30 of 1st period - Ales Hemsky is hit by Jonathon Blum and loses puck.
5:33 of 1st period - Shot by David Krejci.
5:33 of 1st period - Shot Blocked by Sergei Gonchar.
5:47 of 1st period - Shot by Ales Hemsky.
5:47 of 1st period - Shot Misses the Net.
5:52 of 1st period - Minor Penalty to Craig Adams for Tripping.
5:53 of 1st period - Darroll Powe wins face-off versus Tyler Seguin in Kings zone.
6:49 of 1st period - Shot by Chris Kunitz.
6:49 of 1st period - Stopped by Ondrej Pavelec with a rebound.
6:53 of 1st period - Shot by Chris Kunitz.
6:53 of 1st period - Stopped by Ondrej Pavelec without a rebound.
6:54 of 1st period - Antoine Vermette wins face-off versus David Krejci in Kings zone.
7:07 of 1st period - Shot by Chris Kunitz.
7:07 of 1st period - Goal by Chris Kunitz - Kings : 1 - Bruins : 3.
7:08 of 1st period - Darroll Powe wins face-off versus Rich Peverley in neutral zone.
7:31 of 1st period - Shot by Tyler Seguin.
7:31 of 1st period - Shot Blocked by Jamie McBain.
7:33 of 1st period - Shot by Rich Peverley.
7:33 of 1st period - Shot Misses the Net.
7:37 of 1st period - Shot by Gregory Campbell.
7:37 of 1st period - Shot Blocked by Jamie McBain.
7:41 of 1st period - Shot by Rich Peverley.
7:41 of 1st period - Shot Misses the Net.
7:50 of 1st period - Jamie McBain is hit by Zdeno Chara and loses puck.
8:09 of 1st period - Shot by Derick Brassard.
8:09 of 1st period - Shot Misses the Net.
8:11 of 1st period - Shot by Zdeno Chara.
8:11 of 1st period - Stopped by Ondrej Pavelec without a rebound.
8:12 of 1st period - Antoine Vermette wins face-off versus David Krejci in Kings zone.
8:12 of 1st period - Antoine Vermette is hit by Chris Kunitz.
9:18 of 1st period - Shot by Milan Lucic.
9:18 of 1st period - Shot Blocked by Joe Corvo.
9:20 of 1st period - Shot by Milan Lucic.
9:20 of 1st period - Stopped by Ondrej Pavelec with a rebound.
10:38 of 1st period - Shot by Chris Kunitz.
10:38 of 1st period - Goal by Chris Kunitz - Kings : 1 - Bruins : 4.
10:39 of 1st period - Antoine Vermette wins face-off versus Derick Brassard in neutral zone.
10:39 of 1st period - Mike Lundin is hit by Derick Brassard and loses puck.
10:54 of 1st period - Shot by Derick Brassard.
10:54 of 1st period - Stopped by Ondrej Pavelec without a rebound.
10:55 of 1st period - Patrice Bergeron wins face-off versus Matt Duchene in Kings zone.
13:18 of 1st period - Zdeno Chara is hit by Darroll Powe and loses puck.
13:34 of 1st period - Off-side.
13:35 of 1st period - Matt Duchene wins face-off versus David Krejci in neutral zone.
14:32 of 1st period - Shot by Jarret Stoll.
14:32 of 1st period - Shot Misses the Net.
15:07 of 1st period - Icing by Mike Lundin.
15:08 of 1st period - Antoine Vermette wins face-off versus Derick Brassard in Kings zone.
15:10 of 1st period - Minor Penalty to Bryan Allen for High sticking.
15:11 of 1st period - Tyler Seguin wins face-off versus Darroll Powe in Kings zone.
15:12 of 1st period - Shot by Dennis Seidenberg.
15:12 of 1st period - Stopped by Ondrej Pavelec without a rebound.
15:13 of 1st period - Milan Lucic wins face-off versus Darroll Powe in Kings zone.
15:16 of 1st period - Shot by Dennis Seidenberg.
15:16 of 1st period - Stopped by Ondrej Pavelec without a rebound.
15:17 of 1st period - Darroll Powe wins face-off versus Tyler Seguin in Kings zone.
15:32 of 1st period - Shot by Jordan Leopold.
15:32 of 1st period - Shot Misses the Net.
15:35 of 1st period - Milan Lucic is hit by Joe Corvo and loses puck.
15:38 of 1st period - Shot by Milan Lucic.
15:38 of 1st period - Shot Blocked by Joe Corvo.
17:07 of 1st period - Milan Lucic is hit by Darroll Powe and loses puck.
17:33 of 1st period - Minor Penalty to Jack Hillen for Roughing.
17:34 of 1st period - David Krejci wins face-off versus Brian Rolston in Kings zone.
18:16 of 1st period - Shot by Dennis Seidenberg.
18:16 of 1st period - Stopped by Ondrej Pavelec without a rebound.
18:17 of 1st period - Brian Rolston wins face-off versus Tyler Seguin in Kings zone.
18:25 of 1st period - Jordan Leopold is hit by Jarret Stoll and loses puck.
18:31 of 1st period - Minor Penalty to Jarret Stoll for Tripping.
18:32 of 1st period - Matt Duchene wins face-off versus Brad Marchand in Kings zone.
18:38 of 1st period - Icing by Patrice Bergeron.
18:39 of 1st period - Matt Duchene wins face-off versus Rich Peverley in Bruins zone.
19:00 of 1st period - Shot by Dennis Seidenberg.
19:00 of 1st period - Stopped by Ondrej Pavelec without a rebound.
19:01 of 1st period - Matt Duchene wins face-off versus David Krejci in Kings zone.
19:12 of 1st period - Shot by Tobias Enstrom.
19:12 of 1st period - Shot Blocked by Jamie McBain.
19:14 of 1st period - Shot by Chris Kunitz.
19:14 of 1st period - Shot Blocked by Sergei Gonchar.
19:16 of 1st period - Shot by Tobias Enstrom.
19:16 of 1st period - Shot Blocked by Sergei Gonchar.
19:18 of 1st period - Shot by Tobias Enstrom.
19:18 of 1st period - Shot Misses the Net.
19:20 of 1st period - Shot by Zdeno Chara.
19:20 of 1st period - Shot Misses the Net.
19:50 of 1st period - Shot by Milan Lucic.
19:50 of 1st period - Stopped by Ondrej Pavelec without a rebound.
19:51 of 1st period - Tyler Seguin wins face-off versus Darroll Powe in Kings zone.

Period #2

0:01 of 2nd period - Darroll Powe wins face-off versus David Krejci in neutral zone.
0:14 of 2nd period - Shot by David Krejci.
0:14 of 2nd period - Stopped by Ondrej Pavelec with a rebound.
0:38 of 2nd period - Shot by Matt Duchene.
0:38 of 2nd period - Stopped by Cam Ward with a rebound.
0:42 of 2nd period - Shot by Sergei Samsonov.
0:42 of 2nd period - Shot Hit the Post.
0:50 of 2nd period - Shot by Sergei Samsonov.
0:50 of 2nd period - Stopped by Cam Ward without a rebound.
0:51 of 2nd period - Derick Brassard wins face-off versus Darroll Powe in Bruins zone.
1:01 of 2nd period - Derick Brassard is hit by Jack Hillen and loses puck.
1:14 of 2nd period - Shot by Brad Marchand.
1:14 of 2nd period - Stopped by Ondrej Pavelec without a rebound.
1:15 of 2nd period - Rich Peverley wins face-off versus Antoine Vermette in Kings zone.
1:20 of 2nd period - Shot by Gregory Campbell.
1:20 of 2nd period - Shot Blocked by Mike Lundin.
1:34 of 2nd period - Shot by Rich Peverley.
1:34 of 2nd period - Shot Misses the Net.
1:52 of 2nd period - Adam McQuaid is hit by Jarret Stoll and loses puck.
2:12 of 2nd period - Off-side.
2:13 of 2nd period - Darroll Powe wins face-off versus David Krejci in neutral zone.
3:39 of 2nd period - Shot by Evander Kane.
3:39 of 2nd period - Stopped by Ondrej Pavelec without a rebound.
3:40 of 2nd period - Antoine Vermette wins face-off versus Patrice Bergeron in Kings zone.
3:54 of 2nd period - Shot by Jarret Stoll.
3:54 of 2nd period - Stopped by Cam Ward with a rebound.
3:56 of 2nd period - Shot by Jarret Stoll.
3:56 of 2nd period - Shot Blocked by Milan Lucic.
4:00 of 2nd period - Shot by Antoine Vermette.
4:00 of 2nd period - Stopped by Cam Ward without a rebound.
4:01 of 2nd period - Rich Peverley wins face-off versus Matt Duchene in Bruins zone.
4:14 of 2nd period - Shot by Tyler Seguin.
4:14 of 2nd period - Shot Misses the Net.
5:32 of 2nd period - Shot by Derick Brassard.
5:32 of 2nd period - Stopped by Ondrej Pavelec with a rebound.
5:53 of 2nd period - Icing by Tobias Enstrom.
5:54 of 2nd period - David Krejci wins face-off versus Antoine Vermette in Bruins zone.
5:58 of 2nd period - Off-side.
5:59 of 2nd period - Antoine Vermette wins face-off versus David Krejci in neutral zone.
6:01 of 2nd period - David Krejci and Bryan Allen fight to a draw.
6:01 of 2nd period - Penalty to David Krejci for Fighting.
6:01 of 2nd period - Penalty to Bryan Allen for Fighting.
6:02 of 2nd period - Patrice Bergeron wins face-off versus Sean Bergenheim in Bruins zone.
6:02 of 2nd period - Zdeno Chara is hit by Jarret Stoll and loses puck.
7:12 of 2nd period - Off-side.
7:13 of 2nd period - Derick Brassard wins face-off versus Matt Duchene in neutral zone.
7:43 of 2nd period - Icing by Jordan Leopold.
7:44 of 2nd period - Darroll Powe wins face-off versus Evander Kane in Bruins zone.
8:01 of 2nd period - Shot by Michael Frolik.
8:01 of 2nd period - Stopped by Cam Ward without a rebound.
8:02 of 2nd period - Milan Lucic wins face-off versus Brian Rolston in Bruins zone.
8:44 of 2nd period - Shot by Milan Lucic.
8:44 of 2nd period - Stopped by Ondrej Pavelec without a rebound.
8:45 of 2nd period - Rich Peverley wins face-off versus Darroll Powe in Kings zone.
8:46 of 2nd period - Shot by Tyler Seguin.
8:46 of 2nd period - Shot Misses the Net.
8:48 of 2nd period - Shot by Tyler Seguin.
8:48 of 2nd period - Stopped by Ondrej Pavelec with a rebound.
9:00 of 2nd period - Shot by Gregory Campbell.
9:00 of 2nd period - Stopped by Ondrej Pavelec without a rebound.
9:01 of 2nd period - Derick Brassard wins face-off versus Antoine Vermette in Kings zone.
9:06 of 2nd period - Shot by Derick Brassard.
9:06 of 2nd period - Shot Misses the Net.
9:09 of 2nd period - Brad Marchand is hit by Mike Lundin and loses puck.
9:32 of 2nd period - Shot by Derick Brassard.
9:32 of 2nd period - Shot Misses the Net.
9:33 of 2nd period - Minor Penalty to Jamie McBain for Tripping.
9:34 of 2nd period - Antoine Vermette wins face-off versus Nathan Horton in Kings zone.
10:15 of 2nd period - Icing by Dennis Seidenberg.
10:16 of 2nd period - Antoine Vermette wins face-off versus Tyler Seguin in Bruins zone.
10:52 of 2nd period - Shot by Ales Hemsky.
10:52 of 2nd period - Shot Misses the Net.
10:54 of 2nd period - Shot by Chris Kunitz.
10:54 of 2nd period - Shot Misses the Net.
10:56 of 2nd period - Shot by Patrice Bergeron.
10:56 of 2nd period - Stopped by Ondrej Pavelec with a rebound.
10:58 of 2nd period - Shot by Zdeno Chara.
10:58 of 2nd period - Stopped by Ondrej Pavelec without a rebound.
10:59 of 2nd period - Darroll Powe wins face-off versus Patrice Bergeron in Kings zone.
10:59 of 2nd period - Darroll Powe is hit by Chris Kunitz.
12:17 of 2nd period - Shot by Antoine Vermette.
12:17 of 2nd period - Shot Misses the Net.
12:19 of 2nd period - Shot by Antoine Vermette.
12:19 of 2nd period - Shot Blocked by Dennis Seidenberg.
12:21 of 2nd period - Shot by Antoine Vermette.
12:21 of 2nd period - Shot Misses the Net.
12:23 of 2nd period - Shot by Sean Bergenheim.
12:23 of 2nd period - Stopped by Cam Ward with a rebound.
12:25 of 2nd period - Shot by Sean Bergenheim.
12:25 of 2nd period - Shot Hit the Post.
13:01 of 2nd period - Icing by Sergei Gonchar.
13:02 of 2nd period - Matt Duchene wins face-off versus Derick Brassard in Kings zone.
13:02 of 2nd period - Matt Duchene is hit by Evander Kane.
13:14 of 2nd period - Shot by Evgeny Dadonov.
13:14 of 2nd period - Stopped by Cam Ward without a rebound.
13:15 of 2nd period - Darroll Powe wins face-off versus David Krejci in Bruins zone.
13:34 of 2nd period - Shot by David Krejci.
13:34 of 2nd period - Stopped by Ondrej Pavelec with a rebound.
13:36 of 2nd period - Shot by Ales Hemsky.
13:36 of 2nd period - Stopped by Ondrej Pavelec without a rebound.
13:37 of 2nd period - Derick Brassard wins face-off versus Matt Duchene in Kings zone.
14:21 of 2nd period - Icing by Zdeno Chara.
14:22 of 2nd period - Antoine Vermette wins face-off versus Derick Brassard in Bruins zone.
14:32 of 2nd period - Icing by Zdeno Chara.
14:33 of 2nd period - Derick Brassard wins face-off versus Darroll Powe in Bruins zone.
14:33 of 2nd period - Derick Brassard is hit by Darroll Powe.
14:38 of 2nd period - Off-side.
14:39 of 2nd period - Antoine Vermette wins face-off versus Chris Kunitz in neutral zone.
15:18 of 2nd period - Shot by Chris Kunitz.
15:18 of 2nd period - Stopped by Ondrej Pavelec without a rebound.
15:19 of 2nd period - Patrice Bergeron wins face-off versus Darroll Powe in Kings zone.
15:52 of 2nd period - Shot by Milan Lucic.
15:52 of 2nd period - Stopped by Ondrej Pavelec with a rebound.
16:01 of 2nd period - Jamie McBain is hit by Dennis Seidenberg and loses puck.
17:05 of 2nd period - David Krejci is hit by Brian Rolston and loses puck.
17:37 of 2nd period - Joe Corvo is hit by Gregory Campbell.
17:56 of 2nd period - Minor Penalty to Mike Lundin for Hooking.
17:57 of 2nd period - Tyler Seguin wins face-off versus Antoine Vermette in Kings zone.
18:20 of 2nd period - Shot by Brad Marchand.
18:20 of 2nd period - Shot Hit the Post.
18:22 of 2nd period - Shot by Jordan Leopold.
18:22 of 2nd period - Stopped by Ondrej Pavelec without a rebound.
18:23 of 2nd period - Antoine Vermette wins face-off versus David Krejci in Kings zone.
18:23 of 2nd period - Antoine Vermette is hit by Ales Hemsky.
18:50 of 2nd period - Shot by David Krejci.
18:50 of 2nd period - Shot Misses the Net.
18:52 of 2nd period - Shot by Chris Kunitz.
18:52 of 2nd period - Shot Misses the Net.
19:14 of 2nd period - Shot by Dennis Seidenberg.
19:14 of 2nd period - Shot Misses the Net.
19:16 of 2nd period - Shot by Dennis Seidenberg.
19:16 of 2nd period - Shot Blocked by Craig Adams.
19:18 of 2nd period - Shot by Jordan Leopold.
19:18 of 2nd period - Shot Blocked by Bryan Allen.

Period #3

0:01 of 3rd period - Patrice Bergeron wins face-off versus Matt Duchene in neutral zone.
0:04 of 3rd period - Sergei Samsonov is hit by Milan Lucic and loses puck.
0:41 of 3rd period - Off-side.
0:42 of 3rd period - David Krejci wins face-off versus Antoine Vermette in neutral zone.
1:08 of 3rd period - Icing by Tobias Enstrom.
1:09 of 3rd period - Darroll Powe wins face-off versus David Krejci in Bruins zone.
1:10 of 3rd period - Shot by Michael Frolik.
1:10 of 3rd period - Stopped by Cam Ward without a rebound.
1:11 of 3rd period - Derick Brassard wins face-off versus Darroll Powe in Bruins zone.
1:49 of 3rd period - Shot by Wojtek Wolski.
1:49 of 3rd period - Stopped by Cam Ward without a rebound.
1:50 of 3rd period - David Krejci wins face-off versus Matt Duchene in Bruins zone.
2:01 of 3rd period - Shot by Chris Kunitz.
2:01 of 3rd period - Stopped by Ondrej Pavelec with a rebound.
2:05 of 3rd period - Shot by Ales Hemsky.
2:05 of 3rd period - Stopped by Ondrej Pavelec without a rebound.
2:06 of 3rd period - Rich Peverley wins face-off versus Antoine Vermette in Kings zone.
3:37 of 3rd period - Shot by Chris Kunitz.
3:37 of 3rd period - Goal by Chris Kunitz - Kings : 1 - Bruins : 5.
3:38 of 3rd period - Matt Duchene wins face-off versus Derick Brassard in neutral zone.
3:40 of 3rd period - Sergei Gonchar is hit by Zdeno Chara and loses puck.
3:43 of 3rd period - Shot by Brian Rolston.
3:43 of 3rd period - Shot Blocked by Zdeno Chara.
3:56 of 3rd period - Sergei Samsonov is hit by Zdeno Chara and loses puck.
4:19 of 3rd period - Shot by Brad Marchand.
4:19 of 3rd period - Stopped by Ondrej Pavelec with a rebound.
4:30 of 3rd period - Icing by Sergei Gonchar.
4:31 of 3rd period - David Krejci wins face-off versus Matt Duchene in Kings zone.
4:32 of 3rd period - Shot by Chris Kunitz.
4:32 of 3rd period - Shot Misses the Net.
5:16 of 3rd period - Shot by Michael Frolik.
5:16 of 3rd period - Stopped by Cam Ward without a rebound.
5:17 of 3rd period - Antoine Vermette wins face-off versus Rich Peverley in Bruins zone.
5:32 of 3rd period - Shot by Antoine Vermette.
5:32 of 3rd period - Stopped by Cam Ward without a rebound.
5:33 of 3rd period - Patrice Bergeron wins face-off versus Darroll Powe in Bruins zone.
5:52 of 3rd period - Shot by Patrice Bergeron.
5:52 of 3rd period - Stopped by Ondrej Pavelec without a rebound.
5:53 of 3rd period - Derick Brassard wins face-off versus Matt Duchene in Kings zone.
5:56 of 3rd period - Minor Penalty to Evander Kane for Tripping.
5:57 of 3rd period - Antoine Vermette wins face-off versus Rich Peverley in Bruins zone.
5:58 of 3rd period - Shot by Mike Lundin.
5:58 of 3rd period - Shot Misses the Net.
6:02 of 3rd period - Shot by Antoine Vermette.
6:02 of 3rd period - Shot Misses the Net.
6:04 of 3rd period - Shot by Mike Lundin.
6:04 of 3rd period - Shot Misses the Net.
6:08 of 3rd period - Shot by Antoine Vermette.
6:08 of 3rd period - Deflect By Jarret Stoll.
6:08 of 3rd period - Stopped by Cam Ward without a rebound.
6:09 of 3rd period - Matt Duchene wins face-off versus Patrice Bergeron in Bruins zone.
6:30 of 3rd period - Shot by Sergei Gonchar.
6:30 of 3rd period - Shot Misses the Net.
6:34 of 3rd period - Shot by Joe Corvo.
6:34 of 3rd period - Shot Misses the Net.
6:36 of 3rd period - Shot by Matt Duchene.
6:36 of 3rd period - Stopped by Cam Ward without a rebound.
6:37 of 3rd period - Jarret Stoll wins face-off versus Rich Peverley in Bruins zone.
7:51 of 3rd period - Shot by Sergei Gonchar.
7:51 of 3rd period - Stopped by Cam Ward without a rebound.
7:52 of 3rd period - Rich Peverley wins face-off versus Brian Rolston in Bruins zone.
8:02 of 3rd period - Jamie McBain is hit by Zach Bogosian and loses puck.
8:09 of 3rd period - Shot by Wojtek Wolski.
8:09 of 3rd period - Stopped by Cam Ward without a rebound.
8:10 of 3rd period - Derick Brassard wins face-off versus Darroll Powe in Bruins zone.
8:15 of 3rd period - Shot by Evander Kane.
8:15 of 3rd period - Deflect By Derick Brassard.
8:15 of 3rd period - Stopped by Ondrej Pavelec without a rebound.
8:16 of 3rd period - Matt Duchene wins face-off versus David Krejci in Kings zone.
8:46 of 3rd period - Major / Game Misconduct Penalty to Jonathon Blum for Checking from behind.
8:46 of 3rd period - Jonathon Blum is ejected from game.
8:47 of 3rd period - Antoine Vermette wins face-off versus Nathan Horton in Kings zone.
9:27 of 3rd period - Shot by Dennis Seidenberg.
9:27 of 3rd period - Deflect By Nathan Horton.
9:27 of 3rd period - Shot Misses the Net.
9:29 of 3rd period - Shot by Nathan Horton.
9:29 of 3rd period - Deflect By Tyler Seguin.
9:29 of 3rd period - Shot Misses the Net.
10:02 of 3rd period - Icing by Zdeno Chara.
10:03 of 3rd period - David Krejci wins face-off versus Darroll Powe in Bruins zone.
10:03 of 3rd period - David Krejci is hit by Darroll Powe.
10:49 of 3rd period - Shot by Nathan Horton.
10:49 of 3rd period - Stopped by Ondrej Pavelec with a rebound.
10:51 of 3rd period - Shot by Nathan Horton.
10:51 of 3rd period - Shot Misses the Net.
10:53 of 3rd period - Shot by Jordan Leopold.
10:53 of 3rd period - Stopped by Ondrej Pavelec with a rebound.
11:29 of 3rd period - Shot by David Krejci.
11:29 of 3rd period - Stopped by Ondrej Pavelec without a rebound.
11:30 of 3rd period - Antoine Vermette wins face-off versus Patrice Bergeron in Kings zone.
11:30 of 3rd period - Antoine Vermette is hit by Brad Marchand.
12:22 of 3rd period - Shot by Milan Lucic.
12:22 of 3rd period - Stopped by Ondrej Pavelec without a rebound.
12:23 of 3rd period - Darroll Powe wins face-off versus David Krejci in Kings zone.
12:23 of 3rd period - Darroll Powe is hit by Chris Kunitz.
14:02 of 3rd period - Shot by Evander Kane.
14:02 of 3rd period - Shot Misses the Net.
14:05 of 3rd period - Icing by Jamie McBain.
14:06 of 3rd period - Darroll Powe wins face-off versus Rich Peverley in Kings zone.
15:07 of 3rd period - Shot by Derick Brassard.
15:07 of 3rd period - Stopped by Ondrej Pavelec without a rebound.
15:08 of 3rd period - David Krejci wins face-off versus Antoine Vermette in Kings zone.
15:37 of 3rd period - Chris Kunitz is hit by Bryan Allen and loses puck.
16:14 of 3rd period - Icing by Bryan Allen.
16:15 of 3rd period - Rich Peverley wins face-off versus Antoine Vermette in Kings zone.
16:18 of 3rd period - Shot by Gregory Campbell.
16:18 of 3rd period - Shot Misses the Net.
16:35 of 3rd period - Minor Penalty to Matt Duchene for Interference.
16:36 of 3rd period - Darroll Powe wins face-off versus Nathan Horton in Kings zone.
16:36 of 3rd period - Darroll Powe is hit by Milan Lucic.
16:48 of 3rd period - Icing by Dennis Seidenberg.
16:49 of 3rd period - Darroll Powe wins face-off versus Tyler Seguin in Bruins zone.
16:49 of 3rd period - Sergei Gonchar is hit by Dennis Seidenberg and loses puck.
16:58 of 3rd period - Shot by Jordan Leopold.
16:58 of 3rd period - Shot Blocked by Joe Corvo.
17:00 of 3rd period - Shot by Jordan Leopold.
17:00 of 3rd period - Stopped by Ondrej Pavelec without a rebound.
17:01 of 3rd period - Darroll Powe wins face-off versus David Krejci in Kings zone.
17:20 of 3rd period - Shot by Tobias Enstrom.
17:20 of 3rd period - Stopped by Ondrej Pavelec without a rebound.
17:21 of 3rd period - Sergei Samsonov wins face-off versus Tyler Seguin in Kings zone.
17:31 of 3rd period - Shot by Milan Lucic.
17:31 of 3rd period - Shot Misses the Net.
17:33 of 3rd period - Shot by Nathan Horton.
17:33 of 3rd period - Stopped by Ondrej Pavelec without a rebound.
17:34 of 3rd period - Antoine Vermette wins face-off versus David Krejci in Kings zone.
17:34 of 3rd period - Antoine Vermette is hit by Chris Kunitz.
18:06 of 3rd period - Shot by Ales Hemsky.
18:06 of 3rd period - Stopped by Ondrej Pavelec without a rebound.
18:07 of 3rd period - Darroll Powe wins face-off versus Tyler Seguin in Kings zone.
18:07 of 3rd period - Darroll Powe is hit by Milan Lucic.
19:08 of 3rd period - Shot by Derick Brassard.
19:08 of 3rd period - Deflect By Brad Marchand.
19:08 of 3rd period - Stopped by Ondrej Pavelec without a rebound.
19:09 of 3rd period - Matt Duchene wins face-off versus Ales Hemsky in Kings zone.
19:09 of 3rd period - Sergei Gonchar is hit by Chris Kunitz.
19:25 of 3rd period - Shot by Ales Hemsky.
19:25 of 3rd period - Stopped by Ondrej Pavelec without a rebound.
19:26 of 3rd period - Rich Peverley wins face-off versus Antoine Vermette in Kings zone.
19:31 of 3rd period - Shot by Gregory Campbell.
19:31 of 3rd period - Stopped by Ondrej Pavelec without a rebound.
19:32 of 3rd period - Antoine Vermette wins face-off versus Rich Peverley in Kings zone.


Output by the SimonT Hockey Simulator (STHS) for Stephane Roy -- Original Page W3C XHTML 1.0 Valid